 Dungeon Crawl Stone Soup version 0.32-a0-931-g5a2cda0630 (webtiles) character file.

Game seed: 13268160182703275490

149 Biggs the Cutter (level 5, 0/26 HPs)
             Began as a Vine Stalker Brigand on Apr 13, 2024.
             Slain by a gnoll
             ... wielding a +0 club
             ... led by a gnoll bouda
              (3 damage)
             ... on level 5 of the Dungeon.
             The game lasted 00:05:37 (1290 turns).

Biggs the Cutter (Vine Stalker Brigand)             Turns: 1290, Time: 00:05:38

Health: 0/26       AC:  4    Str: 13    XL:     5   Next: 31%
Magic:  0/6        EV: 10    Int: 11    God:
Gold:   149        SH:  0    Dex: 18    Spells: 4/4 levels left

rFire   . . .        a - +2 dagger
rCold   . . .        (no shield)
rNeg    . . .        b - +0 robe
rPois   .            (no helmet)
rElec   .            c - +0 cloak
rCorr   .            r - +0 pair of gloves
SInv    .            (no boots)
Will    .....        (no amulet)
Stlth   +++          g - ring of flight
HPRegen 1.04/turn    (no ring)
MPRegen 0.10/turn

%: guardian spirit
@: weakened, flying
A: fangs 2, regeneration 1, magic shield, antimagic bite, no potion heal 2
a: no special abilities


You were on level 5 of the Dungeon.
You visited 1 branch of the dungeon, and saw 5 of its levels.

You collected 149 gold pieces.

Inventory:

Hand Weapons
 a - a +2 dagger (weapon)
Missiles
 d - 14 poisoned darts (quivered)
 e - 3 curare-tipped darts
 m - 3 atropa-tipped darts
 s - a throwing net
Armour
 b - a +0 robe (worn)
 c - a +0 cloak (worn)
 r - a +0 pair of gloves (worn)
Jewellery
 g - a ring of flight (left hand)
 p - a ring of ice
Scrolls
 q - a scroll of fear {unknown}
 t - a scroll of vulnerability {unknown}
Potions
 h - 2 potions of lignification {unknown}
 i - a potion of heal wounds {unknown}
 j - a potion of haste {unknown}
 l - a potion of degeneration {unknown}
 n - a potion of mutation {unknown}
 o - a potion of might {unknown}


   Skills:
 - Level 1.7 Fighting
 + Level 4.9 Short Blades
 - Level 1.7 Throwing
 - Level 0.7 Dodging
 - Level 4.8 Stealth


You had 4 spell levels left.
You didn't know any spells.
Your spell library contained the following spells:

 Spells                   Type           Power      Damage    Failure   Level
 Summon Small Mammal      Summ           0%         N/A       34%         1
 Call Canine Familiar     Summ           0%         N/A       71%         3
 Summon Blazeheart Golem  Fire/Summ      0%         N/A       98%         4


Dungeon Overview and Level Annotations

Branches:
Dungeon (5/15)
 Temple: D:4-7

Altars:


Innate Abilities, Weirdness & Mutations

You have extremely sharp teeth.
Your natural rate of healing is unusually fast.
When hurt, damage is shared between your health and your magic reserves.
Your bite disrupts and absorbs the magic of your enemies.
Potions cannot restore your health.


Message History

The gnoll bouda hits you with a +0 club.
You hit the gnoll bouda but do no damage.
The gnoll bouda is lightly wounded.
The gnoll barely misses you.
Unknown command.
You barely miss the gnoll bouda. You bite the gnoll bouda. You drain its power.
You feel invigorated.
The gnoll bouda is moderately wounded.
The gnoll bouda hits you with a +0 club.
The gnoll hits you from afar with a +0 halberd!
* * * LOW HITPOINT WARNING * * *
Unknown command.
The gnoll bouda attacks as it pursues you!
The gnoll bouda completely misses you.
The gnoll bouda attacks as it pursues you!
The gnoll bouda closely misses you.
The gnoll bouda hits you with a +0 club!
* * * LOW HITPOINT WARNING * * *
Unknown command.
As you read the scroll labelled DAMNAMY KORCHAY, it crumbles to dust.
You hear a loud clanging noise!
It was a scroll of noise.
You hear a shout! x4
The gnoll barely misses you. The gnoll bouda barely misses you.
Unknown command.
The gnoll attacks as it pursues you!
The gnoll hits you from afar with a +0 halberd.
* * * LOW HITPOINT WARNING * * *
The gnoll attacks as it pursues you! The gnoll misses you.
The gnoll bouda barely misses you. The gnoll barely misses you.
As you read the scroll labelled PYS VURHAGETUCS, it dissolves into smoke.
It was a scroll of fog.
The gnoll is no longer moving quickly.
The gnoll barely misses you.
The gnoll bouda barks out a call to the hunt!
The gnoll picks up the pace!
The gnoll bouda calls upon its god to heal the gnoll bouda.
The gnoll bouda's wounds heal themselves!
The gnoll barely misses you. The gnoll attacks as it pursues you!
The gnoll hits you with a +0 club.
You die...

...# ## #..# # #.
#..# #.#.##..#
..##.......#
..........#######
.......###).....#
####### #§####.#
#@####.#
###g#....#
###gg§g§##...
#..§.§g.§..#
#.#.#.######
#.#...# #######
#...#.###.....#
#.......#.....#
........#...<...#


You could see a gnoll bouda (swift) and 2 gnolls.

Vanquished Creatures
  An orc wizard (D:4)
  2 gnolls (D:5)
  3 adders
  2 ribbon worms
  A dart slug (D:4)
  5 orcs (D:4)
  A ball python (D:1)
  8 bats
  10 endoplasms
  A giant cockroach (D:3)
  4 goblins
  4 hobgoblins
  2 quokkas
  2 frilled lizards (D:1)
  13 kobolds
  6 rats
65 creatures vanquished.

Notes
Turn   | Place    | Note
-------+----------+-------------------------------------------
     0 | D:1      | Biggs the Vine Stalker Brigand began the quest for the Orb.
     0 | D:1      | Reached XP level 1. HP: 11/11 MP: 2/2
    50 | D:1      | Found a faded altar of an unknown god.
    87 | D:1      | Reached XP level 2. HP: 15/15 MP: 1/3
   332 | D:2      | Reached XP level 3. HP: 18/18 MP: 4/4
   718 | D:3      | Reached XP level 4. HP: 23/23 MP: 5/5
  1034 | D:4      | Reached XP level 5. HP: 26/26 MP: 6/6
  1238 | D:5      | Entered Level 5 of the Dungeon
  1288 | D:5      | HP: 1/26 [gnoll/+0 halberd[a gnoll bouda] (3)]
  1290 | D:5      | Slain by a gnoll

Illustrated notes

Levels and vault maps discovered:
D:1:      heliophobic_arrival_dark_side_of_the_moon, layout_loops_ring,
          ebering_ecumenical_altar_ruins, kennysheep_boxes
D:2:      layout_loops_ring
D:3:      cheibrodos_fertilizer, layout_rooms, uniq_crazy_yiuf_cottage
D:4:      layout_basic, chequers_serial_rivers_micro_b
D:5:      minmay_goblin_kobold_castle, layout_loops_cross,
          minmay_temple_entry_butterflies, nicolae_grassy_gnolls, uniq_eustachio

Skill      XL: |  1  2  3  4 |
---------------+-------------+-----
Short Blades   | 2 3 4 |  4.9
Fighting       | |  1.7
Throwing       | |  1.7
Dodging        | |  0.7
Stealth        | |  4.8

Action                     |  1- 3 |  4- 6 || total
---------------------------+-------+-------++-------
  Melee: Dagger            |    98 |    64 ||   162
         Bite              |    27 |    23 ||    50
    Use: Scroll            |       |     2 ||     2
   Stab: Sleeping          |    11 |     8 ||    19
 Armour: Robe              |    56 |    37 ||    93
  Dodge: Dodged            |    79 |    45 ||   124

Table legend: (Time is in decaauts)
 A = Elapsed time spent in this place.
 B = Non-inter-level travel time spent in this place.
 C = Inter-level travel time spent in this place.
 D = Time resting spent in this place.
 E = Time spent auto-exploring this place.
 F = Levels seen in this place.
 G = Mean time per level.
                   A        B        C        D        E       F      G
               +--------+--------+--------+--------+--------+-----+--------+
         Total |   1259 |   1185 |     74 |      0 |      0 |   5 |  251.8 |
       Dungeon |   1259 |   1185 |     74 |      0 |      0 |   5 |  251.8 |
               +--------+--------+--------+--------+--------+-----+--------+

Top non-repeatable levels by time:
     D:3: 387 daAuts
     D:1: 291 daAuts
     D:4: 278 daAuts
     D:2: 254 daAuts
     D:5: 47 daAuts
